Map: 永恒帝国-天梯版

Players

Cyan - Winner!

  • Race: Protoss Protoss

iGMacSed (MacSed)

  • Race: Protoss Protoss

Event: DreamHack SC2 Masters 2020 Summer China

VOD

Have the link to the VOD?

Description

Time

  • Played on: July 3, 2020, 8:41 a.m.
  • Length: 24:58

All games in this series

Show
View Real Time Build Order
Export as new Build Order

Cyan Protoss - Winner!

Build Orders: Oracle Opening 

Get SALT Encoding   

  12  0:00  Probe  
  13  0:13  Probe  
  14  0:17  Pylon  
  14  0:24  Probe  
  15  0:32  Probe  
  15  0:38  Gateway  
  15  0:40  Probe  
  16  0:46  Assimilator  
  17  0:51  Probe  
  17  0:55  Assimilator  
  18  0:59  Probe  
  19  1:07  Probe  
  19  1:08  Gateway  
  19  1:17  Probe  
  21  1:25  Cybernetics Core  
  21  1:29  Probe  
  22  1:37  Pylon  
  22  1:41  Probe  
  23  2:02  Stargate  
  23  2:05  Adept x2  
  23  2:08  Warp Gate  
  27  2:10  Probe  
  28  2:18  Pylon  
  28  2:26  Probe  
  29  2:35  Adept  
  29  2:36  Adept, Oracle  
  36  2:55  Pylon  
  34  3:13  Oracle  
  37  3:21  Shield Battery  
  37  3:26  Nexus  
  37  3:38  Pylon  
  37  3:41  Probe  
  37  3:43  Shield Battery  
  38  3:51  Twilight Council  
  38  3:56  Stalker  
  40  4:05  Stalker  
  40  4:07  Blink  
  42  4:14  Gateway  
  40  4:35  Stalker  
  40  4:36  Stalker  
  39  4:44  Probe  
  40  4:46  Probe  
  41  5:03  Probe  
  41  5:06  Stalker x2  
  45  5:08  Probe  
  46  5:18  Probe  
  47  5:22  Probe  
  48  5:30  Probe x2  
  50  5:37  Pylon  
  50  5:38  Probe  
  50  5:40  Phoenix  
  50  5:42  Probe  
  54  5:48  Probe  
  54  5:53  Sentry x2  
  54  5:54  Probe  
  60  5:57  Forge  
  60  6:00  Probe  
  60  6:03  Pylon  
  61  6:06  Probe  
  62  6:12  Probe  
  62  6:14  Protoss Ground Weapons Level 1  
  62  6:17  Stalker x2  
  62  6:18  Probe  
  68  6:23  Stalker  
  68  6:24  Probe  
  71  6:31  Probe  
  72  6:36  Assimilator, Probe  
  72  6:39  Assimilator  
  73  6:43  Probe  
  74  6:48  Probe  
  74  6:51  Charge  
  75  6:55  Probe  
  75  7:01  Probe  
  77  7:02  Gateway  
  77  7:03  Gateway  
  77  7:07  Probe, Pylon  
  78  7:21  Nexus  
  78  7:23  Pylon  
  78  7:28  Templar Archives  
  78  7:31  Gateway  
  78  7:37  Gateway  
  78  7:41  Gateway  
  78  7:48  Robotics Facility  
  78  7:49  Shield Battery  
  78  7:52  Probe x2  
  80  8:04  Probe  
  79  8:06  Probe  
  79  8:07  Protoss Ground Weapons Level 2  
  80  8:16  Probe  
  80  8:19  High Templar x2  
  85  8:22  Probe  
  86  8:28  Probe  
  86  8:34  Probe  
  86  8:35  Probe  
  86  8:40  Probe  
  88  8:45  Photon Cannon  
  88  8:46  Photon Cannon, Observer  
  88  8:47  High Templar x2  
  88  8:48  Zealot x2  
  97  8:49  Archon  
  97  8:53  Assimilator  
  97  8:55  Archon  
  97  8:56  Shield Battery  
  97  8:57  Assimilator, Zealot x3  
  103  9:18  Gateway, High Templar  
  103  9:19  High Templar, Zealot  
  103  9:20  Gateway  
  103  9:22  Pylon  
  103  9:23  Archon  
  109  9:27  Pylon  
  109  9:40  Warp Prism, Probe x2  
  109  9:42  Nexus  
  109  9:45  Stargate, Pylon  
  113  9:50  High Templar x2, Zealot  
  113  9:51  Zealot  
  121  9:55  Archon  
  121  9:57  Pylon  
  118  10:08  Phoenix  
  118  10:09  Phoenix  
  118  10:16  Probe x3  
  118  10:20  Phoenix  
  123  10:25  Robotics Facility  
  123  10:26  Warp Prism  
  125  10:28  Pylon, Protoss Ground Weapons Level 3, Robotics Bay, Probe x3  
  128  10:37  Zealot x4  
  128  10:40  Probe  
  137  10:46  Probe x2  
  139  10:50  Assimilator  
  139  10:52  Photon Cannon, Probe  
  139  10:54  Shield Battery  
  140  11:01  Phoenix  
  142  11:05  Disruptor  
  142  11:06  Disruptor  
  142  11:09  Gravitic Drive  
  142  11:17  Probe x3  
  151  11:20  Assimilator  
  151  11:24  Dark Shrine  
  149  11:32  Phoenix x2  
  149  11:35  Disruptor  
  149  11:38  Probe x3  
  149  11:39  Photon Cannon  
  152  11:43  Disruptor  
  152  11:45  Pylon  
  158  12:04  Disruptor  
  158  12:08  Zealot  
  160  12:10  Disruptor  
  163  12:15  Pylon  
  166  12:29  Pylon  
  166  12:30  Pylon  
  166  12:31  Pylon  
  166  12:32  Pylon  
  166  12:35  Shadow Stride  
  166  12:36  Dark Templar x4  
  174  12:38  Dark Templar x3  
  180  12:53  Stalker x3  
  180  12:55  Pylon  
  160  13:26  Protoss Shields Level 1, Disruptor  
  159  13:28  Gravitic Boosters  
  159  13:32  Stalker x4  
  159  13:33  Stalker x6  
  173  13:42  Warp Prism  
  173  13:45  Nexus  
  173  13:47  Pylon  
  175  13:57  Dark Templar x4  
  181  14:08  Disruptor  
  155  14:11  Disruptor  
  155  14:14  Phoenix x2  
  132  14:34  Zealot x4  
  132  14:35  Disruptor, Zealot x6  
  132  14:37  Disruptor  
  139  15:04  Disruptor  
  139  15:07  Disruptor  
  137  15:14  Stalker x7  
  127  15:15  Stalker x2  
  111  15:31  Nexus  
  95  15:37  Zealot x2  
  95  15:38  Zealot x8  
  98  16:01  Dark Templar x9  
  96  16:08  Observer  
  83  16:23  Disruptor  
  83  16:24  Observer  
  79  16:26  Probe x2  
  79  16:27  Zealot  
  84  16:37  Photon Cannon  
  84  16:38  Pylon  
  84  16:39  Probe x2  
  85  16:41  Observer, Probe  
  85  16:45  Pylon  
  87  16:47  Assimilator  
  87  16:48  Probe  
  87  16:51  Probe x2  
  87  16:52  Assimilator, Probe  
  89  17:00  Probe  
  88  17:03  Probe x2  
  88  17:07  Archon x2  
  90  17:16  Zealot x2  
  90  17:19  Photon Cannon  
  90  17:21  Photon Cannon  
  90  17:22  Shield Battery  
  94  17:25  High Templar  
  94  17:26  High Templar  
  94  17:28  Dark Templar x2  
  102  17:31  Archon  
  102  17:33  Archon  
  102  17:45  High Templar x2, Zealot x3  
  102  17:46  Warp Prism  
  102  17:48  Archon  
  102  17:49  Stalker  
  116  17:59  Stalker x2  
  116  18:03  Stalker x2  
  124  18:05  Stalker  
  124  18:07  Stalker  
  95  18:41  Stalker x9  
  91  18:42  Stalker  
  99  18:54  Observer  
  100  19:07  Stalker x6, Zealot  
  100  19:08  Zealot  
  108  19:16  Dark Templar x2  
  110  19:20  Archon  
  110  19:26  Nexus  
  110  19:36  Observer  
  110  19:37  Observer  
  112  19:38  Dark Templar  
  113  19:50  Pylon  
  112  20:01  Stalker x3  
  112  20:02  Stalker x4  
  118  20:08  Dark Templar x2  
  105  20:25  Dark Templar x2  
  97  20:33  Dark Templar  
  93  20:36  Stalker  
  77  21:14  Dark Templar x4, Zealot x4  
  77  21:15  Zealot x2  
  95  21:20  Observer  
  96  21:28  Nexus  
  96  21:29  Shield Battery  
  96  21:30  Shield Battery, Pylon  
  96  21:32  Pylon  
  90  21:44  Stalker x5  
  81  21:54  Probe x2  
  81  21:55  Probe  
  81  21:57  Dark Templar  
  86  22:02  Archon  
  86  22:07  Stalker  
  88  22:09  Photon Cannon  
  88  22:11  Photon Cannon, Shield Battery  
  88  22:17  Stalker x2  
  88  22:21  Zealot  
  94  22:38  Stalker  
  94  22:39  Stalker x3  
  103  22:44  Observer  
  97  23:03  Stalker  
  97  23:04  Stalker x5  
  99  23:16  High Templar  
  99  23:17  High Templar  
  103  23:22  Archon  
  103  23:29  Zealot x3  
  103  23:30  Zealot x4  
  117  23:38  Stalker  
  117  23:48  Stalker x5  
  125  23:54  Observer  
  111  24:11  Stalker x2  
Show
View Real Time Build Order
Export as new Build Order

iGMacSed Protoss 

Build Orders: Archon Immortal 

Get SALT Encoding   

  12  0:00  Probe  
  13  0:12  Probe  
  14  0:17  Pylon  
  14  0:23  Probe  
  15  0:32  Probe  
  15  0:37  Gateway  
  15  0:40  Probe  
  16  0:46  Assimilator  
  17  0:51  Probe  
  17  0:55  Assimilator  
  18  0:59  Probe  
  19  1:07  Probe  
  19  1:10  Gateway  
  19  1:17  Probe  
  20  1:25  Cybernetics Core  
  21  1:29  Probe  
  22  1:34  Pylon  
  22  1:41  Probe  
  23  1:53  Probe  
  24  2:00  Warp Gate  
  24  2:01  Adept x2  
  28  2:09  Pylon  
  28  2:10  Probe  
  29  2:31  Stalker x2  
  29  2:35  Robotics Facility  
  33  2:48  Shield Battery  
  31  3:07  Sentry x2  
  31  3:11  Warp Prism  
  35  3:24  Shield Battery  
  37  3:33  Nexus  
  37  3:37  Probe  
  37  3:41  Pylon  
  38  3:47  Pylon  
  38  3:50  Observer  
  39  4:00  Adept  
  39  4:01  Adept  
  43  4:05  Probe  
  44  4:17  Probe  
  45  4:27  Adept x2  
  45  4:28  Probe  
  46  4:37  Probe  
  46  4:45  Probe  
  47  4:47  Immortal  
  48  4:53  Probe  
  48  4:55  Probe  
  54  5:05  Probe  
  55  5:07  Probe  
  54  5:15  Shield Battery  
  54  5:17  Probe  
  54  5:20  Probe  
  52  5:22  Immortal  
  52  5:29  Probe  
  52  5:32  Probe  
  56  5:41  Probe  
  57  5:44  Probe  
  57  5:47  Twilight Council  
  58  5:53  Probe  
  58  5:56  Probe  
  60  5:59  Forge  
  60  6:02  Adept x2  
  64  6:05  Probe  
  64  6:11  Probe  
  66  6:12  Immortal  
  70  6:20  Pylon  
  70  6:21  Probe, Pylon  
  70  6:24  Blink, Pylon  
  70  6:32  Protoss Ground Weapons Level 1  
  70  6:37  Assimilator  
  70  6:38  Probe  
  71  6:42  Assimilator  
  71  6:45  Probe  
  66  6:51  Stalker  
  66  6:52  Stalker  
  68  6:59  Probe  
  68  7:00  Probe  
  68  7:11  Gateway, Probe  
  68  7:12  Probe  
  68  7:13  Gateway  
  70  7:17  Stalker, Observer  
  72  7:22  Stalker  
  72  7:23  Probe  
  72  7:24  Probe  
  76  7:35  Probe  
  77  7:41  Nexus  
  77  7:42  Probe  
  77  7:43  Pylon  
  78  7:46  Observer  
  78  7:47  Probe  
  80  7:54  Probe  
  80  7:56  Pylon  
  81  7:59  Probe  
  81  8:04  Stalker x2  
  86  8:06  Probe  
  86  8:07  Shield Battery  
  86  8:11  Probe  
  88  8:19  Probe  
  89  8:21  Immortal  
  89  8:27  Pylon x2, Protoss Ground Weapons Level 2  
  93  8:29  Probe  
  94  8:34  Stalker  
  94  8:36  Stalker  
  98  8:49  Gateway  
  98  8:59  Templar Archives  
  98  9:00  Gateway  
  98  9:05  Photon Cannon  
  98  9:11  Gateway  
  98  9:15  Pylon  
  98  9:17  Robotics Bay  
  98  9:25  Probe x2  
  98  9:27  Assimilator  
  98  9:30  Assimilator  
  100  9:38  Robotics Facility, Probe  
  101  9:45  Pylon  
  101  9:47  Photon Cannon  
  101  9:48  High Templar x3  
  101  9:49  High Templar  
  101  9:50  Probe  
  110  9:53  Archon x2  
  110  10:01  Charge  
  110  10:03  Colossus  
  109  10:11  Gateway  
  109  10:13  Gateway  
  113  10:16  High Templar, Pylon  
  113  10:17  High Templar  
  113  10:18  Photon Cannon  
  113  10:20  Extended Thermal Lance  
  117  10:22  Archon  
  117  10:23  Gateway  
  117  10:24  Pylon  
  117  10:32  Observer  
  117  10:37  Dark Shrine  
  117  10:42  Pylon  
  117  10:46  Photon Cannon  
  117  10:49  Photon Cannon  
  117  10:50  Observer  
  117  10:51  Stalker x4  
  117  10:56  Colossus  
  132  11:08  Protoss Ground Weapons Level 3  
  132  11:14  Probe  
  133  11:33  Nexus  
  133  11:36  High Templar, Pylon  
  133  11:37  High Templar, Zealot x7  
  151  11:40  Archon  
  151  11:46  Colossus  
  151  11:50  Probe x2  
  159  11:55  Pylon  
  159  12:01  Stargate  
  159  12:03  Stargate  
  159  12:04  Photon Cannon  
  159  12:06  Shield Battery  
  159  12:14  Photon Cannon  
  159  12:19  Stargate  
  157  12:30  Protoss Air Weapons Level 1  
  157  12:32  Photon Cannon  
  157  12:33  Colossus  
  163  12:37  Shield Battery  
  163  12:38  Phoenix  
  163  12:39  Phoenix  
  163  12:40  Photon Cannon  
  167  12:54  Stalker x4  
  175  13:04  Zealot x3  
  175  13:14  Phoenix x3  
  175  13:19  Zealot x2  
  176  13:32  Photon Cannon  
  176  13:34  Photon Cannon  
  176  13:37  Pylon  
  176  13:54  Phoenix x3  
  168  14:12  Zealot x8  
  154  14:24  Stalker  
  154  14:25  Warp Prism  
  156  14:36  Dark Templar x3  
  164  14:45  Observer  
  164  14:50  Dark Templar  
  140  15:19  Phoenix x2  
  144  15:28  Observer x2  
  140  15:33  Zealot x9  
  124  15:46  Phoenix x2  
  116  15:57  Dark Templar x4  
  106  16:04  Warp Prism  
  106  16:06  Dark Templar x4  
  88  16:20  Shadow Stride  
  88  16:21  Colossus  
  86  16:25  Phoenix  
  88  16:38  High Templar x2  
  88  16:39  Zealot x2  
  96  16:45  Phoenix, Archon  
  98  16:48  Zealot  
  99  17:01  High Templar x2  
  103  17:08  Archon  
  100  17:23  Zealot x3  
  100  17:24  Zealot x3  
  112  17:43  Phoenix  
  114  17:44  Nexus  
  114  17:48  Pylon  
  114  18:00  High Templar x4  
  114  18:02  Disruptor  
  114  18:03  Archon  
  114  18:04  Archon  
  122  18:06  Zealot x2  
  122  18:07  Disruptor  
  129  18:33  Dark Templar  
  105  18:41  Dark Templar  
  106  18:53  Zealot x5  
  110  19:05  Phoenix  
  110  19:08  Zealot x2  
  113  19:16  Disruptor  
  111  19:17  Dark Templar, Unknown  
  111  19:18  Disruptor  
  119  19:41  Dark Templar  
  121  19:47  Zealot x2  
  121  19:48  Zealot x3  
  115  20:08  Zealot  
  115  20:09  Zealot x5  
  111  20:19  Zealot x3  
  95  20:29  Observer  
  95  20:35  Observer  
  87  20:37  Zealot x5  
  87  20:48  High Templar  
  87  20:49  High Templar x3  
  90  20:53  Archon x2  
  82  20:59  Observer  
  75  21:04  High Templar x2  
  76  21:13  Archon  
  76  21:30  Nexus  
  66  21:48  Disruptor  
  66  21:49  Disruptor  
  70  22:17  Dark Templar  
  72  22:27  Disruptor  
  75  22:40  Photon Cannon  
  75  22:55  Zealot x3  
  73  23:02  Observer  
  73  23:03  Disruptor  
  74  23:13  Disruptor  
  74  23:19  Zealot x2  
  79  23:30  Stalker  
  81  23:38  Stalker x2  
  81  23:45  Stalker  
  83  23:52  Stalker  
  85  24:08  Dark Templar x2  
Tags
 
Add a new tag
Caveats
  • Supply blocks, unpowered buildings, or Contaminate may cause inaccurate times.
  • Supply counts are checked every 10 seconds.